 Dungeon Crawl Stone Soup version 0.25.0-9-g26727b657a (webtiles) character file.

Game seed: 863250776918522617

98 Esekla the Ducker (level 4, -5/25 HPs)
             Began as a Deep Elf Warper on June 20, 2020.
             Killed from afar by an orc wizard (6 damage)
             ... with a magic dart
             ... on level 3 of the Dungeon.
             The game lasted 00:16:38 (3063 turns).

Esekla the Ducker (Deep Elf Warper)                 Turns: 3063, Time: 00:16:39

Health: -5/25      AC:  5    Str:  8    XL:     4   Next: 44%
Magic:  8/10       EV: 14    Int: 18    God:
Gold:   118        SH:  0    Dex: 15    Spells: 5/9 levels left

rFire    . . .     SeeInvis .   a - +0 falchion
rCold    . . .     Gourm    .   (no shield)
rNeg     . . .     Faith    .   g - +0 robe (curse)
rPois    .         Spirit   .   y - +0 helmet
rElec    .         Reflect  .   (no cloak)
rCorr    .         Harm     .   m - +0 pair of gloves
MR       .....                  j - +0 pair of boots
Stlth    +.........             (no amulet)
HPRegen  0.08/turn              (no ring)
MPRegen  0.12/turn              (no ring)

@: shrouded
A: no striking features
a: no special abilities


You were on level 3 of the Dungeon.
You were not hungry.

You visited 1 branch of the dungeon, and saw 3 of its levels.

You collected 118 gold pieces.

Inventory:

Hand Weapons
 a - a +0 falchion (weapon)
 i - a +0 spear
Missiles
 e - 5 boomerangs of dispersal
 v - 13 poisoned darts (quivered)
Armour
 g - a cursed +0 robe (worn)
 j - a +0 pair of boots (worn)
 m - a +0 pair of gloves (worn)
 s - a +0 hat
 y - a +0 helmet (worn)
Jewellery
 q - an uncursed ring of protection from magic {unknown}
Scrolls
 b - a scroll of random uselessness {unknown}
 c - 5 scrolls of identify {unknown}
 d - a scroll of blinking
 n - a scroll of fear {unknown}
 r - a scroll of amnesia {unknown}
 w - a scroll of remove curse {unknown}
 x - a scroll of teleportation {unknown}
Potions
 h - 2 potions of might {unknown}
 k - a potion of heal wounds {unknown}
 l - a potion of berserk rage {unknown}
 o - 2 potions of curing {unknown}
 p - 3 potions of haste {unknown}
 t - a potion of invisibility {unknown}
 u - a potion of lignification {unknown}
Comestibles
 f - 5 rations


   Skills:
 - Level 1.5 Fighting
 * Level 3.4 Long Blades
 + Level 1.1 Throwing
 - Level 0.7 Armour
 * Level 3.7 Dodging
 + Level 3.0 Spellcasting
 * Level 1.2 Charms
 + Level 3.4 Translocations


You had 5 spell levels left.
You knew the following spells:

 Your Spells              Type           Power        Failure   Level  Hunger
a - Shroud of Golubria    Chrm/Tloc      ##....       10%         2    ##.....
b - Blink                 Tloc           N/A          6%          2    ##.....

Your spell library contained the following spells:

 Spells                   Type           Power        Failure   Level  Hunger
 Gell's Gravitas          Tloc           ###.......   12%         3    ###....
 Lesser Beckoning         Tloc           ###.......   12%         3    ###....
 Teleport Other           Tloc           ###.....     12%         3    ###....
 Passage of Golubria      Tloc           N/A          36%         4    ####...


Dungeon Overview and Level Annotations

Branches:
Dungeon (3/15)

Altars:

Annotations:
D:3 Terence


Message History

Your shroud unravels.
The orc wizard points at you and mumbles some strange words.
The magic dart hits you!
* * * LOW HITPOINT WARNING * * *
You miss the orc wizard.
The orc wizard is moderately wounded.
The orc wizard barely misses you.
Casting: Shroud of Golubria (safe; 10% risk of failure)
Confirm with . or Enter, or press ? or * to list all spells.
Space distorts slightly along a thin shroud covering your body.
The orc wizard hits you but does no damage.
You hit the orc wizard but do no damage.
The orc wizard is moderately wounded.
The orc wizard barely misses you.
You hit the orc wizard.
The orc wizard is moderately wounded.
The orc wizard closely misses you.
The orc wizard points at you and mumbles some strange words.
The magic dart hits you.
You die...

#........#.#.......$##
#..........#.>......''
#....##............#
#........##........#
#.........'..<.....#
###.......#...#......
###....#.##...# .....
##...#..#+##...# ....
#...........o@.# ...
#............).# ..
#.............## .
#####.........#
#####'######....
#..........#.##..
#..........#..'...
#.............#...
#...............


You could see an orc wizard.

Vanquished Creatures
  5 adders (D:2)
  A worm (D:2)
  2 leopard geckos (D:2)
  4 orcs
  A ball python (D:3)
  6 bats
  6 giant cockroaches
  5 goblins
  3 hobgoblins (D:1)
  5 kobolds
  3 frilled lizards
  3 rats
44 creatures vanquished.

Notes
Turn   | Place    | Note
-------+----------+-------------------------------------------
     0 | D:1      | Esekla the Deep Elf Warper began the quest for the Orb.
     0 | D:1      | Reached XP level 1. HP: 12/12 MP: 6/6
   555 | D:1      | Reached XP level 2. HP: 16/16 MP: 8/8
   717 | D:2      | Learned a level 2 spell: Shroud of Golubria
   720 | D:2      | Learned a level 2 spell: Blink
   772 | D:2      | Reached XP level 3. HP: 19/20 MP: 9/9
  1799 | D:3      | Noticed Terence
  1961 | D:2      | Reached XP level 4. HP: 25/25 MP: 5/10
  2396 | D:2      | Reached skill level 1 in Charms
  3059 | D:3      | HP: 1/25 [orc wizard/magic dart (9)]
  3063 | D:3      | Killed from afar by an orc wizard

Illustrated notes

Levels and vault maps discovered:
D:1:      erik_arrival_blinker_ship, layout_loops_ring
D:2:      layout_basic
D:3:      layout_basic, first_ration, uniq_terence

Skill      XL: |  1  2  3  4 |
---------------+-------------+-----
Long Blades    | 2 3 |  3.4
Dodging        | 3 |  3.7
Charms         | 1 |  1.2
Fighting       | |  1.5
Throwing       | |  1.1
Armour         | |  0.7
Spellcasting   | |  3.0
Translocations | |  3.4

Action                   |  1- 3 |  4- 6 || total
-------------------------+-------+-------++-------
Melee: Falchion          |   108 |    59 ||   167
Throw: Dart              |       |     5 ||     5
 Cast: Shroud of Golubri |     8 |    12 ||    20
       Blink             |       |     1 ||     1
 Stab: Sleeping          |     1 |     1 ||     2
  Eat: Chunk             |     4 |     4 ||     8
Armor: Robe              |    25 |    11 ||    36
Dodge: Dodged            |    90 |    65 ||   155
       Rpst.: Falchion   |    27 |    15 ||    42
